TOP OF THE 1ST |
Grim Reapers batting - Pitching for Idaho Falls Chukars : LHP Chico Landi
|
Pitching: LHP Chico Landi
|
|
Batting: RHB Lee Benjamin
|
0-0: Ball 1-0: Foul Ball, location: 2F 1-1: Ball 2-1: Fly out, F2 (Popup, 3S)
|
Batting: SHB Cash Masters
|
0-0: Foul Ball, location: 2F 0-1: Ball 1-1: Swinging Strike 1-2: Strikes out swinging
|
Batting: LHB Dante Aristizabal
|
0-0: Ball 1-0: Ball 2-0: Ball 3-0: Called Strike 3-1: Called Strike 3-2: Strikes out swinging
|
Top of the 1st over - 0 run(s), 0 hit(s), 0 error(s), 0 left on base; Grim 0 - Idaho Falls 0 |
BOTTOM OF THE 1ST |
Idaho Falls Chukars batting - Pitching for Grim Reapers : RHP Armando Romano
|
Pitching: RHP Armando Romano
|
|
Batting: SHB Bill Bambridge
|
0-0: Ball 1-0: Ground out 4-3 (Groundball, 4)
|
Batting: LHB Alistair Mix
|
0-0: Swinging Strike 0-1: Called Strike 0-2: Ball 1-2: Ground out 4-3 (Groundball, 4)
|
Batting: LHB Jérôme Masson
|
0-0: SINGLE (Line Drive, 34)
|
Batting: SHB Tony Manzanares
|
0-0: Ground out 1-3 (Groundball, 13S)
|
Bottom of the 1st over - 0 run(s), 1 hit(s), 0 error(s), 1 left on base; Grim 0 - Idaho Falls 0 |
TOP OF THE 2ND |
Grim Reapers batting - Pitching for Idaho Falls Chukars : LHP Chico Landi
|
Batting: RHB Ignacio Hernández
|
0-0: Foul Ball, location: 2F 0-1: Ball 1-1: Ball 2-1: Swinging Strike 2-2: Foul Ball, location: 2F 2-2: Ball 3-2: Strikes out swinging, 2-3 out at first.
|
Batting: RHB Yoshi Kouda
|
0-0: Ball 1-0: Swinging Strike 1-1: Swinging Strike 1-2: Ball 2-2: Fly out, F9 (Line Drive, 9LS)
|
Batting: RHB Lu-fang Koo
|
0-0: Swinging Strike 0-1: Swinging Strike 0-2: Strikes out swinging, 2-3 out at first.
|
Top of the 2nd over - 0 run(s), 0 hit(s), 0 error(s), 0 left on base; Grim 0 - Idaho Falls 0 |
BOTTOM OF THE 2ND |
Idaho Falls Chukars batting - Pitching for Grim Reapers : RHP Armando Romano
|
Batting: RHB León Preciado
|
0-0: Swinging Strike 0-1: Ball 1-1: Ball 2-1: Fly out, F9 (Flyball, 9)
|
Batting: RHB Spencer Lyng
|
0-0: Ball 1-0: Ball 2-0: Ball 3-0: Called Strike 3-1: Base on Balls
|
Batting: RHB Fytor Ceia
|
0-0: Called Strike 0-1: Called Strike 0-2: Ball 1-2: Hit by Pitch Spencer Lyng to second
|
Batting: RHB Ilkka Haapajarvi
|
0-0: Ball 1-0: Ball 2-0: Called Strike 2-1: SINGLE (Groundball, 4D) Spencer Lyng to third Fytor Ceia to second
|
Batting: RHB Yoichibei Chikafuji
|
0-0: Foul Ball, location: 2F 0-1: Called Strike 0-2: Strikes out swinging
|
Batting: SHB Bill Bambridge
|
0-0: Ball 1-0: Ball 2-0: Foul Ball, location: 2F 2-1: Foul Ball, location: 2F 2-2: Ball 3-2: Foul Ball, location: 2F 3-2: Fly out, F7 (Flyball, 7S)
|
Bottom of the 2nd over - 0 run(s), 1 hit(s), 0 error(s), 3 left on base; Grim 0 - Idaho Falls 0 |
TOP OF THE 3RD |
Grim Reapers batting - Pitching for Idaho Falls Chukars : LHP Chico Landi
|
Batting: RHB Luis Pagán
|
0-0: Called Strike 0-1: Ball 1-1: Foul Ball, location: 2F 1-2: Ground out 5-3 (Groundball, 56)
|
Batting: RHB Qu-bing Thien
|
0-0: Ball 1-0: Called Strike 1-1: Ball 2-1: SINGLE (Flyball, 8LS)
|
Batting: RHB Bartolo Hernández
|
0-0: SINGLE (Groundball, 3D) Qu-bing Thien to second Runner from 2nd tries for 3rd, SAFE, no throw
|
Batting: RHB Lee Benjamin
|
0-0: Ball 1-0: Foul Ball, location: 2F 1-1: Fly out, F8 (Flyball, 8RS) Runner from 3rd tags up, SCORES, no throw
|
Batting: SHB Cash Masters
|
0-0: Ball 1-0: Ball 2-0: Called Strike 2-1: Swinging Strike 2-2: Ball 3-2: Foul Ball, location: 2F 3-2: Strikes out swinging
|
Top of the 3rd over - 1 run(s), 2 hit(s), 0 error(s), 1 left on base; Grim 1 - Idaho Falls 0 |
BOTTOM OF THE 3RD |
Idaho Falls Chukars batting - Pitching for Grim Reapers : RHP Armando Romano
|
Batting: LHB Alistair Mix
|
0-0: Called Strike 0-1: Ball 1-1: Bunted foul 1-2: Ball 2-2: Ball 3-2: Foul Ball, location: 2F 3-2: Fly out, F8 (Flyball, 8LD)
|
Batting: LHB Jérôme Masson
|
0-0: Ball 1-0: Ball 2-0: Ball 3-0: Base on Balls
|
Batting: SHB Tony Manzanares
|
0-0: Called Strike 0-1: Fielders Choice at 2nd, 4-6 (Groundball, 4)
|
Batting: RHB León Preciado
|
0-0: Called Strike 0-1: Called Strike 0-2: Strikes out swinging
|
Bottom of the 3rd over - 0 run(s), 0 hit(s), 0 error(s), 1 left on base; Grim 1 - Idaho Falls 0 |
TOP OF THE 4TH |
Grim Reapers batting - Pitching for Idaho Falls Chukars : LHP Chico Landi
|
Batting: LHB Dante Aristizabal
|
0-0: Foul Ball, location: 2F 0-1: Foul Ball, location: 2F 0-2: Foul Ball, location: 2F 0-2: Strikes out looking
|
Batting: RHB Ignacio Hernández
|
0-0: Called Strike 0-1: Called Strike 0-2: Ball 1-2: Ball 2-2: SOLO HOME RUN (Flyball, 7D), Distance : 398 ft
|
Batting: RHB Yoshi Kouda
|
0-0: Ball 1-0: SINGLE (Groundball, 56D)
|
Batting: RHB Lu-fang Koo
|
0-0: Ball 1-0: Ball Yoshi Kouda is caught stealing 2nd base 2-0: Ground out 5-3 (Groundball, 56)
|
Top of the 4th over - 1 run(s), 2 hit(s), 0 error(s), 0 left on base; Grim 2 - Idaho Falls 0 |
BOTTOM OF THE 4TH |
Idaho Falls Chukars batting - Pitching for Grim Reapers : RHP Armando Romano
|
Batting: RHB Spencer Lyng
|
0-0: Called Strike 0-1: Ball 1-1: Foul Ball, location: 2F 1-2: SINGLE (Groundball, 56) (infield hit)
|
Batting: RHB Fytor Ceia
|
0-0: Called Strike Spencer Lyng steals 2nd base 0-1: DOUBLE (Line Drive, 78D) Spencer Lyng scores
|
Batting: RHB Ilkka Haapajarvi
|
0-0: Ball 1-0: Fly out, F9 (Flyball, 89D) Runner from 2nd tags up, SAFE at 3rd, no throw
|
Batting: RHB Yoichibei Chikafuji
|
0-0: SINGLE (Groundball, 56D) Fytor Ceia scores
|
Batting: SHB Bill Bambridge
|
0-0: Called Strike Yoichibei Chikafuji is caught stealing 2nd base 0-1: Foul Ball, location: 2F 0-2: Foul Ball, location: 2F 0-2: Ground out U3 (Groundball, 3)
|
Bottom of the 4th over - 2 run(s), 3 hit(s), 0 error(s), 0 left on base; Grim 2 - Idaho Falls 2 |
TOP OF THE 5TH |
Grim Reapers batting - Pitching for Idaho Falls Chukars : LHP Chico Landi
|
Batting: RHB Luis Pagán
|
0-0: Ball 1-0: Ball 2-0: Foul Ball, location: 2F 2-1: Ball 3-1: Foul Ball, location: 2F 3-2: Base on Balls
|
Batting: RHB Qu-bing Thien
|
0-0: Bunted foul 0-1: Sac Bunt - play at first, batter OUT! U3 Luis Pagán to second
|
Batting: RHB Bartolo Hernández
|
0-0: Called Strike 0-1: Ball 1-1: Ball 2-1: Ball 3-1: Fly out, F9 (Flyball, 9S)
|
Batting: RHB Lee Benjamin
|
0-0: Ball 1-0: Foul Ball, location: 2F 1-1: Called Strike 1-2: Reached on error, E8 (Line Drive, 8RM) Luis Pagán scores
|
Batting: SHB Cash Masters
|
0-0: Ball 1-0: Called Strike 1-1: Ball 2-1: SINGLE (Line Drive, 6MD) Lee Benjamin to third Runner from 3rd tries for Home, SAFE, no throw
|
Batting: LHB Dante Aristizabal
|
0-0: SINGLE (Groundball, 6D) Cash Masters to second
|
Batting: RHB Ignacio Hernández
|
0-0: Ball 1-0: Swinging Strike 1-1: Called Strike 1-2: Strikes out swinging
|
Top of the 5th over - 2 run(s), 2 hit(s), 1 error(s), 2 left on base; Grim 4 - Idaho Falls 2 |
BOTTOM OF THE 5TH |
Idaho Falls Chukars batting - Pitching for Grim Reapers : RHP Armando Romano
|
Batting: LHB Alistair Mix
|
0-0: Ball 1-0: Bunt missed! 1-1: Ball 2-1: Called Strike 2-2: DOUBLE (Flyball, 78D)
|
Batting: LHB Jérôme Masson
|
0-0: Foul Ball, location: 2F 0-1: Ball 1-1: Foul Ball, location: 2F 1-2: Ball 2-2: Ball 3-2: Foul Ball, location: 2F 3-2: Base on Balls
|
Batting: SHB Tony Manzanares
|
0-0: Ball 1-0: Foul Ball, location: 2F 1-1: Foul Ball, location: 2F 1-2: SINGLE (Line Drive, 4D) Alistair Mix to third Jérôme Masson to second Runner from 3rd tries for Home, SAFE, no throw
|
Batting: RHB León Preciado
|
0-0: Called Strike 0-1: Ball 1-1: Grounds into double play, 5-4-3 (Groundball, 56) Jérôme Masson to third
|
Batting: RHB Spencer Lyng
|
0-0: Called Strike 0-1: Swinging Strike 0-2: Strikes out swinging
|
Bottom of the 5th over - 1 run(s), 2 hit(s), 0 error(s), 1 left on base; Grim 4 - Idaho Falls 3 |
TOP OF THE 6TH |
Grim Reapers batting - Pitching for Idaho Falls Chukars : LHP Chico Landi
|
Batting: RHB Yoshi Kouda
|
0-0: Ball 1-0: SINGLE (Line Drive, 8RS)
|
Pitching: RHP Juan Rúbio
|
|
Batting: RHB Lu-fang Koo
|
0-0: Ball 1-0: Sac Bunt - play at first, batter OUT! 1-4 Yoshi Kouda to second
|
Batting: RHB Luis Pagán
|
0-0: Foul Ball, location: 2F 0-1: Called Strike 0-2: SINGLE (Line Drive, 56) Yoshi Kouda to third
|
Batting: RHB Qu-bing Thien
|
0-0: Called Strike 0-1: Called Strike 0-2: Foul Ball, location: 2F 0-2: Ball 1-2: Fly out, F3 (Popup, 3L)
|
Batting: RHB Bartolo Hernández
|
0-0: Fly out, F5 (Line Drive, 5L)
|
Top of the 6th over - 0 run(s), 2 hit(s), 0 error(s), 2 left on base; Grim 4 - Idaho Falls 3 |
BOTTOM OF THE 6TH |
Idaho Falls Chukars batting - Pitching for Grim Reapers : RHP Armando Romano
|
Batting: RHB Fytor Ceia
|
0-0: Reached on error, E4 (Popup, 4D)
|
Batting: RHB Ilkka Haapajarvi
|
0-0: Swinging Strike 0-1: Ball 1-1: Swinging Strike 1-2: Strikes out swinging
|
Batting: RHB Yoichibei Chikafuji
|
0-0: Foul Ball, location: 2F 0-1: Foul Ball, location: 2F 0-2: Ball 1-2: Ball 2-2: Ground out 5-3 (Groundball, 56S) Fytor Ceia to second
|
Batting: SHB Bill Bambridge
|
0-0: Ball 1-0: Ball 2-0: Called Strike 2-1: Fly out, F9 (Flyball, 89S)
|
Bottom of the 6th over - 0 run(s), 0 hit(s), 1 error(s), 1 left on base; Grim 4 - Idaho Falls 3 |
TOP OF THE 7TH |
Grim Reapers batting - Pitching for Idaho Falls Chukars : RHP Juan Rúbio
|
Batting: RHB Lee Benjamin
|
0-0: Ball 1-0: Swinging Strike 1-1: Foul Ball, location: 2F 1-2: Foul Ball, location: 2F 1-2: Foul Ball, location: 2F 1-2: Strikes out swinging
|
Batting: SHB Cash Masters
|
0-0: Swinging Strike 0-1: Ball 1-1: Called Strike 1-2: Strikes out swinging
|
Batting: LHB Dante Aristizabal
|
0-0: Ball 1-0: Ground out 4-3 (Groundball, 4)
|
Top of the 7th over - 0 run(s), 0 hit(s), 0 error(s), 0 left on base; Grim 4 - Idaho Falls 3 |
BOTTOM OF THE 7TH |
Idaho Falls Chukars batting - Pitching for Grim Reapers : RHP Armando Romano
|
Batting: LHB Alistair Mix
|
0-0: Swinging Strike 0-1: Ball 1-1: Ground out U3 (Groundball, 3)
|
Batting: LHB Jérôme Masson
|
0-0: Ball 1-0: Foul Ball, location: 2F 1-1: Ball 2-1: Fly out, F7 (Flyball, 7LM)
|
Batting: SHB Tony Manzanares
|
0-0: Swinging Strike 0-1: Called Strike 0-2: Ball 1-2: Ball 2-2: Foul Ball, location: 2F 2-2: Ball 3-2: Strikes out swinging
|
Bottom of the 7th over - 0 run(s), 0 hit(s), 0 error(s), 0 left on base; Grim 4 - Idaho Falls 3 |
TOP OF THE 8TH |
Grim Reapers batting - Pitching for Idaho Falls Chukars : RHP Juan Rúbio
|
Batting: RHB Ignacio Hernández
|
0-0: Called Strike 0-1: SINGLE (Flyball, 9S)
|
Pinch Hitting: RHB Carlos Evangelho
|
0-0: Swinging Strike 0-1: Ball 1-1: Fly out, F7 (Flyball, 7S)
|
Pinch Hitting: LHB Tung Ji
|
0-0: Ball 1-0: Foul Ball, location: 2F 1-1: Foul Ball, location: 2F 1-2: Strikes out swinging
|
Batting: RHB Luis Pagán
|
0-0: Called Strike 0-1: Ball 1-1: Ball 2-1: Ground out 6-3 (Groundball, 6MD)
|
Top of the 8th over - 0 run(s), 1 hit(s), 0 error(s), 1 left on base; Grim 4 - Idaho Falls 3 |
BOTTOM OF THE 8TH |
Idaho Falls Chukars batting - Pitching for Grim Reapers : RHP Armando Romano
|
Now at 2B: Jeremia Philantha
|
|
Now in CF: Tung Ji
|
|
Batting: RHB León Preciado
|
0-0: Ball 1-0: Foul Ball, location: 2F 1-1: Ball 2-1: Called Strike 2-2: Ball 3-2: Strikes out swinging
|
Pitching: LHP John Hartley
|
|
Batting: RHB Spencer Lyng
|
0-0: Fly out, F9 (Flyball, 9LM)
|
Pitching: LHP Ricardo Ruíz
|
|
Batting: RHB Fytor Ceia
|
0-0: Called Strike 0-1: Foul Ball, location: 2F 0-2: Ball 1-2: Ball 2-2: Strikes out looking
|
Bottom of the 8th over - 0 run(s), 0 hit(s), 0 error(s), 0 left on base; Grim 4 - Idaho Falls 3 |
TOP OF THE 9TH |
Grim Reapers batting - Pitching for Idaho Falls Chukars : RHP Juan Rúbio
|
Pitching: RHP Claudio Palma
|
|
Batting: RHB Qu-bing Thien
|
0-0: Called Strike 0-1: DOUBLE (Line Drive, 9LM) - OUT at third base trying to stretch hit.
|
Batting: RHB Bartolo Hernández
|
0-0: Ball 1-0: Ball 2-0: Ground out 6-3 (Groundball, 6)
|
Batting: RHB Lee Benjamin
|
0-0: Ball 1-0: Foul Ball, location: 2F 1-1: Ground out 4-3 (Groundball, 4)
|
Top of the 9th over - 0 run(s), 1 hit(s), 0 error(s), 0 left on base; Grim 4 - Idaho Falls 3 |
BOTTOM OF THE 9TH |
Idaho Falls Chukars batting - Pitching for Grim Reapers : LHP Ricardo Ruíz
|
Pitching: LHP Archie Erickson
|
|
Now at C: Bayanai Gonzalez
|
|
Batting: RHB Ilkka Haapajarvi
|
0-0: Called Strike 0-1: Ball 1-1: Foul Ball, location: 2F 1-2: Ball 2-2: Ball 3-2: Foul Ball, location: 2F 3-2: Strikes out swinging
|
Pinch Hitting: RHB Wilford Funkhouser
|
0-0: Called Strike 0-1: Ball 1-1: Called Strike 1-2: Ball 2-2: Strikes out swinging
|
Pinch Hitting: LHB Jesús López
|
0-0: Called Strike 0-1: Ball 1-1: Ground out 3-1 (Groundball, 34S)
|
Bottom of the 9th over - 0 run(s), 0 hit(s), 0 error(s), 0 left on base; Grim 4 - Idaho Falls 3 |
|